 Dungeon Crawl Stone Soup version 0.29-a0-1052-g6990b1bffc (webtiles) character file.

Game seed: 2683618486966923793

1092 nuaici the Basher (level 8, 0/70 (71) HPs)
             Began as a Minotaur Fighter on Aug 17, 2022.
             Slain by a gnoll
             ... wielding a +2 vampiric spear
             ... led by a gnoll sergeant
              (1 damage)
             ... on level 6 of the Dungeon.
             The game lasted 00:10:44 (4907 turns).

nuaici the Basher (Minotaur Fighter)                Turns: 4907, Time: 00:10:45

HP:   0/70 (71)     AC:  8    Str: 24    XL:     8   Next: 9%
MP:   7/7           EV:  9    Int:  5    God:
Gold: 201           SH:  5    Dex:  9    Spells: 7/7 levels left

rFire   . . .      SeeInvis .   a - +0 flail
rCold   . . .      Faith    .   c - +0 buckler
rNeg    . . .      Spirit   .   b - +0 scale mail
rPois   .          Reflect  .   (helmet restricted)
rElec   .          Harm     .   p - +0 cloak
rCorr   .          Rampage  .   (no gloves)
Will    .....                   (no boots)
Stlth   ..........              (no amulet)
HPRegen 0.21/turn               (no ring)
MPRegen 0.10/turn               (no ring)

@: lethally poisoned (0 -> -2), lightly drained
A: horns 2, retaliatory headbutt
a: no special abilities


You were on level 6 of the Dungeon.
You visited 1 branch of the dungeon, and saw 6 of its levels.

You collected 201 gold pieces.

Inventory:

Hand Weapons
 a - a +0 flail (weapon)
Armour
 b - a +0 scale mail (worn)
 c - a +0 buckler (worn)
 p - a +0 cloak (worn)
 x - a +1 chain mail of fire resistance
Jewellery
 e - a +6 ring of intelligence
 h - a ring of ice
 q - a ring of protection from fire
Wands
 y - a wand of mindburst (9)
 z - a wand of paralysis (9)
Scrolls
 f - a scroll of fear {unknown}
 g - a scroll of noise {unknown}
 i - 3 scrolls of magic mapping {unknown}
 j - 3 scrolls of brand weapon {unknown}
 k - 3 scrolls of poison {unknown}
 l - a scroll of teleportation {unknown}
 t - a scroll of silence {unknown}
 v - a scroll of vulnerability {unknown}
 w - a scroll of torment {unknown}
 B - a scroll of blinking {unknown}
Potions
 d - 2 potions of might
 m - 2 potions of flight
 n - 2 potions of heal wounds
 o - 3 potions of brilliance
 r - a potion of cancellation {unknown}
 s - a potion of haste {unknown}
 u - a potion of curing {unknown}
 A - a potion of ambrosia {unknown}


   Skills:
 + Level 6.7 Fighting
 * Level 8.4 Maces & Flails
 - Level 3.6 Armour
 + Level 6.7 Shields


You had 7 spell levels left.
You didn't know any spells.
Your spell library contained the following spells:

 Spells                   Type           Power      Damage    Failure   Level
 Summon Small Mammal      Summ           0%         N/A       85%         1
 Blink                    Tloc           0%         N/A       94%         2
 Static Discharge         Conj/Air       0%         3-3/arc   94%         2
 Call Canine Familiar     Summ           0%         N/A       99%         3
 Ignite Poison            Fire/Tmut/Pois 0%         N/A       99%         3
 Lesser Beckoning         Tloc           0%         N/A       99%         3
 Summon Guardian Golem    Hex/Summ       0%         N/A       99%         3
 Olgreb's Toxic Radiance  Pois           0%         N/A       100%        4
 Manifold Assault         Tloc           0%         N/A       100%        5
 Chain Lightning          Conj/Air       0%         N/A       100%        9


Dungeon Overview and Level Annotations

Branches:
Dungeon (6/15)
 Temple: D:4-7

Altars:
Elyvilon
Gozag
Nemelex Xobeh

Shops:
D:1 !   D:3 =


Innate Abilities, Weirdness & Mutations

You have a pair of horns on your head.
You reflexively headbutt those who attack you in melee.


Message History

Your headbutt misses the necrophage.
The necrophage is severely damaged.
You feel sick. The gnoll hits you but does no damage.
The necrophage hits you but does no damage.
The gnoll sergeant hits you from afar with a +1 spear of venom.
You are more poisoned.
As you open the door, it creaks loudly!
You feel very sick. The necrophage hits you.
The gnoll hits you from afar with a +0 spear.
The gnoll sergeant hits you but does no damage.
You feel very sick.
There is an open door here.
You feel sick.
You feel sick.
You sock the gnoll! You headbutt the gnoll.
You kill the gnoll!
You feel sick. You block the necrophage's attack.
You sock the yak!
The yak is moderately wounded.
You feel sick.
The necrophage hits you but does no damage.
The yak gores you. You block the gnoll's attack.
The gnoll hits you from afar with a +2 vampiric spear.
You barely miss the yak.
The yak is moderately wounded.
You feel sick. The gnoll barely misses you. The yak gores you!
* * * LOW HITPOINT WARNING * * *
The yak gores you.
* * * LOW HITPOINT WARNING * * *
The gnoll hits you from afar with a +2 vampiric spear.
* * * LOW HITPOINT WARNING * * *
The necrophage hits you but does no damage.
You barely miss the yak.
The yak is moderately wounded.
You feel sick. The gnoll hits you but does no damage.
The yak barely misses you. The yak gores you.
* * * LOW HITPOINT WARNING * * *
The gnoll hits you from afar with a +2 vampiric spear.
You die...

#...'.............#
#####..........##.#
#....############.#
#..........# #.#
#..).....).# #.#
#..........# #.#
#..........# #.#
#..ng......# #.#
#Y@#'####### #.#
#Yg#.# #..
####gY#g# ###
#......g# #.......#
+...........
#...$........
...........g..Y
.............g.Y


You could see 3 yaks, a necrophage, a gnoll sergeant and 2 gnolls.

Vanquished Creatures
  Eustachio (D:5)
  A water moccasin (D:5)
  A black bear (D:5)
  An ogre (D:5)
  2 phantoms (D:5)
  3 scorpions
  A jelly (D:5)
  An orc priest (D:5)
  2 hounds (D:5)
  2 iguanas
  An orc wizard (D:4)
  5 adders
  A gnoll (D:6)
  3 worms
  2 dart slugs
  6 orcs
  2 ball pythons
  10 bats
  10 endoplasms
  2 giant cockroaches
  5 hobgoblins
  8 jackals
  9 kobolds
  4 quokkas
  5 frilled lizards
  7 goblins
  A rat (D:1)
96 creatures vanquished.

Vanquished Creatures (others)
  4 plants (D:4)
  4 toadstools (D:1)
8 creatures vanquished.

Grand Total: 104 creatures vanquished

Notes
Turn   | Place    | Note
-------+----------+-------------------------------------------
     0 | D:1      | nuaici the Minotaur Fighter began the quest for the Orb.
     0 | D:1      | Reached XP level 1. HP: 19/19 MP: 0/0
    66 | D:1      | Found Ostrux's Distillery.
   406 | D:1      | Reached skill level 3 in Maces & Flails
   406 | D:1      | Reached XP level 2. HP: 27/27 MP: 1/1
  1218 | D:1      | Reached XP level 3. HP: 27/33 MP: 2/2
  1702 | D:2      | Reached skill level 4 in Maces & Flails
  2015 | D:2      | Found a faded altar of an unknown god.
  2028 | D:2      | Reached XP level 4. HP: 38/40 MP: 3/3
  2407 | D:3      | Found Ryshal's Jewellery Shoppe.
  2863 | D:4      | Reached XP level 5. HP: 29/47 MP: 4/4
  3169 | D:4      | Reached skill level 5 in Maces & Flails
  3270 | D:4      | Reached skill level 5 in Fighting
  3407 | D:4      | Found a sparkling altar of Nemelex Xobeh.
  3408 | D:4      | Found an opulent altar of Gozag.
  3502 | D:4      | Found a white marble altar of Elyvilon.
  3760 | D:5      | Entered Level 5 of the Dungeon
  3760 | D:5      | Noticed a phantom
  3766 | D:5      | Killed a phantom
  3767 | D:5      | Reached skill level 5 in Shields
  3767 | D:5      | Reached XP level 6. HP: 56/56 MP: 5/5
  3780 | D:5      | Got Sif Muna's Lessons on Airy Vitiation
  3812 | D:5      | Reached skill level 6 in Maces & Flails
  3829 | D:5      | Noticed a water moccasin
  3840 | D:5      | Killed a water moccasin
  3841 | D:5      | Reached XP level 7. HP: 39/62 MP: 6/6
  3937 | D:5      | Reached skill level 7 in Maces & Flails
  4575 | D:5      | Noticed Eustachio
  4605 | D:5      | Killed Eustachio
  4606 | D:5      | Reached skill level 8 in Maces & Flails
  4606 | D:5      | Reached XP level 8. HP: 54/71 MP: 7/7
  4907 | D:6      | HP: 3/70 [poisoned by a gnoll sergeant]
  4907 | D:6      | HP: 1/70 [yak (2)]
  4907 | D:6      | Slain by a gnoll

Illustrated notes

Levels and vault maps discovered:
D:1:      ldierk_walled_garden_2, layout_basic, serial_shops,
          nicolae_shop_crystal, minmay_tromino_i2
D:2:      layout_loops_cross, ebering_ecumenical_altar_sacrificial,
          minmay_stone_trees_large
D:3:      layout_basic, serial_shops, shop
D:4:      layout_loops_ring, grunt_temple_overflow_opulence,
          nicolae_elyvilon_temple_path
D:5:      layout_rooms, minmay_holes, uniq_eustachio
D:6:      layout_basic, demons_altar, kennysheep_mini_moat,
          minmay_temple_entry_antechambers, dreamdust_wishing_well

Skill      XL: |  1  2  3  4  5  6  7 |
---------------+----------------------+-----
Maces & Flails | 3 4 5 6 8 |  8.4
Fighting       | 4 5 6 |  6.7
Shields        | 4 5 6 |  6.7
Armour         | |  3.6

Action                   |  1- 3 |  4- 6 |  7- 9 || total
-------------------------+-------+-------+-------++-------
Melee: Flail             |    92 |    96 |   102 ||   290
       Headbutt          |    12 |    19 |    15 ||    46
  Use: Scroll            |       |       |     3 ||     3
Armor: Scale mail        |    53 |    39 |    47 ||   139
Dodge: Dodged            |    41 |    53 |    43 ||   137
Block: Buckler           |    17 |    29 |    30 ||    76

Table legend: (Time is in decaauts)
 A = Elapsed time spent in this place.
 B = Non-inter-level travel time spent in this place.
 C = Inter-level travel time spent in this place.
 D = Time resting spent in this place.
 E = Time spent auto-exploring this place.
 F = Levels seen in this place.
 G = Mean time per level.
                   A        B        C        D        E       F      G
               +--------+--------+--------+--------+--------+-----+--------+
         Total |   4962 |   4838 |    124 |    537 |   3368 |   6 |  827.0 |
       Dungeon |   4962 |   4838 |    124 |    537 |   3368 |   6 |  827.0 |
               +--------+--------+--------+--------+--------+-----+--------+

Top non-repeatable levels by time:
     D:1: 1376 daAuts
     D:5: 1066 daAuts
     D:4: 994 daAuts
     D:2: 880 daAuts
     D:3: 554 daAuts
     D:6: 90 daAuts
